AoeStats
← ijn_king

Nomad

509624690Analyzed
3v3 RM · 3d ago on Sep 27, 2026· 49m 5s· 6 players
Game mode
Random Map
Map size
210×210
Population
200
Speed
Normal
Resources
Standard
Victory
Conquest
Starting age
Dark Age
Ending age
Imperial Age
RankedLock teamsTeams togetherTeam positionsShared explorationLock speedFull tech treeHidden civsTurbo modeCheats
Victory
Defeat
🇹🇷 Cumans · Türkiye
837
+13
🇹🇷 Wei · Türkiye
790
+15
🇹🇷 Persians · Türkiye
787
+14
🇲🇾 Vietnamese · Malaysia
786
-15
🇹🇷 Celts · Türkiye
769
-14
🇨🇱 Lithuanians · Chile
738
-13
Norbert PICIGETO Foster
17:25 Feudal Age
18:49 Stone Mining
18:51 Town Watch
21:08 Double-Bit Axe
24:56 Scale Barding Armor
27:06 Wheelbarrow
36:02 Forging
43:01 Castle Age
42:30 Gold Mining
43:44 Town Patrol
48:03 Scale Mail Armor
nperezb
4:33 Loom
18:54 Feudal Age
19:23 Man-at-Arms
20:36 Arson
20:51 Fishing Lines
29:02 Castle Age
27:44 Bloodlines
29:27 Double-Bit Axe
29:05 Long Swordsman
29:07 Pikeman
30:35 Gillnets
30:56 Medium Warships
31:52 Stone Mining
32:25 Squires
33:37 Elite Skirmisher
35:21 Husbandry
34:42 Light Cavalry
ijn_king
15:23 Feudal Age
15:56 Double-Bit Axe
15:54 Horse Collar
16:52 Wheelbarrow
16:04 Man-at-Arms
21:50 Stone Mining
21:50 Gold Mining
25:58 Castle Age
26:57 Bow Saw
26:53 Heavy Plow
27:11 Hand Cart
26:22 Elite Skirmisher
28:55 Sanctity
33:34 Pikeman
34:15 Squires
36:56 Stone Shaft Mining
40:55 Imperial Age
41:47 Guilds
41:43 Halberdier
44:59 Imperial Skirmisher
keskek
13:28 Feudal Age
15:01 Fishing Lines
26:40 Loom
28:59 Castle Age
27:15 Gold Mining
27:09 Horse Collar
28:38 Padded Archer Armor
28:29 Fletching
30:19 Thumb Ring
29:35 Crossbowman
31:44 Double-Bit Axe
37:41 Ballistics
36:54 Pikeman
37:37 Squires
Stephan Carlsen
3:28 Loom
5:38 Loom
13:17 Feudal Age
13:41 Horse Collar
13:45 Fishing Lines
14:49 Wheelbarrow
16:00 Double-Bit Axe
16:52 Gold Mining
16:58 Stone Mining
17:34 Town Watch
21:52 Castle Age
22:33 Scale Barding Armor
23:26 Hand Cart
23:13 Heavy Plow
23:35 Bow Saw
26:40 Forging
31:46 Iron Casting
35:15 Tuntian
38:53 Town Patrol
40:12 Chain Barding Armor
42:30 Imperial Age
41:22 Stone Shaft Mining
41:25 Gold Shaft Mining
43:34 Elite Tiger Cavalry
45:00 Hoardings
44:52 Ming Guang Armor
47:48 Blast Furnace
Mevt
5:57 Loom
13:44 Feudal Age
22:46 Padded Archer Armor
22:37 Fletching
26:00 Double-Bit Axe
31:04 Castle Age
30:47 Gold Mining
30:48 Stone Mining
30:39 Horse Collar
31:57 Capped Ram
32:54 Thumb Ring
34:29 Gold Shaft Mining
34:23 Bow Saw
38:36 Wheelbarrow
38:06 Heavy Plow
37:55 Town Watch
45:29 Imperial Age
43:04 Town Patrol
43:19 Hand Cart
45:41 Leather Archer Armor
45:21 Bodkin Arrow
47:35 Crop Rotation
48:07 Two-Man Saw
47:39 Parthian Tactics
46:35 Heavy Cavalry Archer
Connection lost

Rejoining the realm…

Still unreachable

The connection could not be restored.

Session expired

The server has moved on; the page needs a fresh start.